 Dungeon Crawl Stone Soup version 0.17-a0-1939-ga475588 (webtiles) character file.

110 BarneyGumball the Cudgeler (level 4, -4/28 HPs)
             Began as a Gargoyle Fighter on Sept 29, 2015.
             Killed from afar by Sigmund (8 damage)
             ... with a puff of flame
             ... on level 3 of the Dungeon.
             The game lasted 00:05:12 (2058 turns).

BarneyGumball the Cudgeler (Gargoyle Fighter)       Turns: 2058, Time: 00:05:12

Health: -4/28      AC: 13    Str: 19    XL:     4   Next: 91%
Magic:  4/4        EV:  7    Int:  9    God:
Gold:   179        SH:  0    Dex: 10    Spells: 0 memorised, 3 levels left

rFire  . . .     SeeInvis .     a - +0 flail
rCold  . . .     Clarity  .     b - +0 scale mail
rNeg   + . .     SustAt   .     c - +0 shield
rPois  ∞         Gourm    .     (no helmet)
rElec  +         Spirit   .     q - +1 cloak
rCorr  .         Warding  .     (no gloves)
rMut   .         Stasis   .     j - +0 pair of boots
MR     .....                    (no amulet)
Stlth  ..........               (no ring)
                                (no ring)

@: confused, about to teleport, not resistant to hostile enchantments, extremely
unstealthy
A: negative energy resistance 1, electricity resistance, unbreathing,
petrification resistance, rot immunity, AC +3
a: no special abilities


You were on level 3 of the Dungeon.
You were not hungry.

You visited 1 branch of the dungeon, and saw 3 of its levels.

You collected 179 gold pieces.

Inventory:

Hand weapons
 a - a +0 flail (weapon)
Armour
 b - a +0 scale mail (worn)
 c - a +0 shield (worn)
 j - a +0 pair of boots (worn)
 q - a +1 cloak (worn)
Jewellery
 w - an uncursed ring of invisibility {unknown}
Scrolls
 f - 3 scrolls of remove curse {unknown}
 g - 2 scrolls of teleportation
 h - 2 scrolls of identify {unknown}
 l - 2 scrolls of enchant weapon {unknown}
 r - a scroll of amnesia {unknown}
 s - a scroll of random uselessness {unknown}
 u - a scroll of blinking {unknown}
 v - a scroll of recharging {unknown}
Potions
 d - a potion of might
 i - 2 potions of haste {unknown}
 k - a potion of ambrosia {unknown}
 m - 2 potions of curing {unknown}
 n - a potion of lignification {unknown}
 o - a potion of invisibility {unknown}
 t - a potion of degeneration {unknown}
Comestibles
 e - a bread ration
 x - 2 beef jerkies


   Skills:
 - Level 3.2 Fighting
 + Level 4.9 Maces & Flails
 - Level 3.2 Armour
 - Level 3.2 Shields


You had 3 spell levels left.
You didn't know any spells.

Dungeon Overview and Level Annotations

Branches:
Dungeon (3/15)

Altars:

Annotations:
D:3 Sigmund


Innate Abilities, Weirdness & Mutations

You are resistant to torment.
Your stone body is resilient (AC +3).
You are immune to poison.
You resist negative energy.
You are resistant to electric shocks.
You can survive without breathing.
You are immune to petrification.
You are immune to rotting.


Message History

The adder barely misses you.
You hit the adder.
The adder is heavily wounded.
The adder barely misses you. Sigmund hits you but does no damage.
You block the adder's attack.
Your shield and scale mail prevent you from hitting the adder.
The adder is heavily wounded.
The adder closely misses you. You block Sigmund's attack.
You thump the adder!
You kill the adder!
Items here: )))) [[ ††† Read which item? (? for menu, Esc to quit)
As you read the scroll labeled XOHUATOSUBB, it crumbles to dust.
You feel strangely unstable.
It was a scroll of teleportation.
Sigmund points at you and mumbles some strange words.
You are confused.
You bump into the rock wall.
Sigmund points at you and mumbles some strange words.
The puff of flame hits you!
You die...

#.# ##...###### #.#
####.<.......# ########## #.#
#.......####.# .....@...# #.#
#.###.....##.# .####)##.# #.#
#.###.....##.# #.##@# #.#
#.#........... #.##.# ##.#
#.#.#.....(..#
#.##.####..#####.#.#...(..###
#........@..@...[..###†##.#
####.............### #<##.#
#.####.######## #.##.# #.#
#.##### #.##.# #.# #...@.#
##.##.# #.# #####.# #...#.#
..# #.# #...#.# #.# #.#
####...#.## #@####.........#


You could see Sigmund.

Vanquished Creatures
  An orc priest (D:3)
  Jessica (D:2)
  2 adders (D:3)
  2 worms
  A giant gecko (D:1)
  3 orcs (D:3)
  2 hobgoblins
  4 jackals
  5 bats
  A giant newt (D:2)
  4 kobolds
  6 rats
32 creatures vanquished.

Notes
Turn   | Place    | Note
--------------------------------------------------------------
     0 | D:1      | BarneyGumball the Gargoyle Fighter began the quest for the Orb.
     0 | D:1      | Reached XP level 1. HP: 14/14 MP: 1/1
   897 | D:2      | Noticed Jessica
   904 | D:2      | Killed Jessica
   904 | D:2      | Reached XP level 2. HP: 19/19 MP: 2/2
   904 | D:2      | Reached XP level 3. HP: 23/23 MP: 3/3
  1531 | D:2      | Reached skill level 4 in Maces & Flails
  1560 | D:3      | Noticed Sigmund
  1800 | D:3      | Reached XP level 4. HP: 25/28 MP: 4/4
  2058 | D:3      | Killed from afar by Sigmund

Vault maps used:
D:1:      dpeg_arrival_ternary, serial_glass, glass_columns_c, glass_columns_a
D:2:      uniq_jessica
D:3:      lemuel_upstairs_altar, first_bread, uniq_iyjb, uniq_sigmund

Action                   |  1- 3 |  4- 6 || total
-------------------------+-------+-------++-------
Melee: Flail             |    82 |    43 ||   125
  Use: Scroll            |       |     1 ||     1
  Eat: Chunk             |     1 |     1 ||     2
       Pizza             |     1 |       ||     1
